 Dungeon Crawl Stone Soup version 0.26-a0-651-gb41185065b (webtiles) character file.

Game seed: 7675044317415414483

16104 lunkers the Martial Artist (level 12, -1/106 HPs)
             Began as a Yellow Draconian Transmuter on Sept 28, 2020.
             Was a High Priest of Ru.
             Slain by a catoblepas (21 damage)
             ... on level 4 of the Lair of Beasts.
             The game lasted 00:29:44 (18901 turns).

lunkers the Martial Artist (DrTm)                  Turns: 18901, Time: 00:29:45

Health: -1/106     AC:  9    Str: 13    XL:     12   Next: 7%
Magic:  9/13       EV: 19    Int: 15    God:    Ru [*****.]
Gold:   930        SH:  5    Dex: 21    Spells: 5/15 levels left

rFire    . . .     SeeInvis .     - Unarmed
rCold    . . .     Faith    .   (shield currently unavailable)
rNeg     . . .     Spirit   .   (armour unavailable)
rPois    .         Reflect  +   (helmet restricted)
rElec    .         Harm     .   (no cloak)
rCorr    +         Rampage  .   (gloves currently unavailable)
MR       .....                  u - +0 pair of boots
Stlth    ..........             B - amulet of reflection
HPRegen  0.27/turn              q - +6 ring of dexterity
MPRegen  0.13/turn              k - ring of wizardry

@: lethally poisoned (-1 -> -2), about to teleport, blade hands (expiring), no
potions
A: spit acid, unfitting armour, low mp 1, cold-blooded, inability to drink while
threatened, no stealth, no hexes magic, no ice magic, no translocations magic,
inexperienced 1, acid resistance, AC +8
a: Breathe Acid, End Transformation, Draw Out Power, Power Leap, Apocalypse,
Renounce Religion


You were on level 4 of the Lair of Beasts.
You worshipped Ru.
Ru was extremely pleased with you.
You had blades for hands.
You visited 3 branches of the dungeon, and saw 16 of its levels.

You collected 930 gold pieces.

Inventory:

Missiles
 o - 75 poisoned darts (quivered)
Armour
 g - the +3 warlock's mirror (melded) {reflect}
   (You acquired it on level 8 of the Dungeon)
 u - a +0 pair of boots (worn)
 C - a +1 pair of gloves (melded)
Jewellery
 i - an uncursed ring of ice
 k - a ring of wizardry (right scythe-like blade)
 p - an uncursed amulet of regeneration
 q - a +6 ring of dexterity (left scythe-like blade)
 w - an uncursed ring of positive energy
 B - an amulet of reflection (around neck)
 J - an uncursed ring of wizardry
Wands
 v - a wand of enslavement (8)
 y - a wand of polymorph (16)
 z - a wand of random effects (13)
 I - a wand of acid (4)
 K - a wand of paralysis (9)
 P - a wand of flame (8)
Scrolls
 c - 15 scrolls of remove curse
 j - 3 scrolls of blinking
 l - 5 scrolls of magic mapping
 m - 3 scrolls of enchant weapon
 x - 2 scrolls of teleportation
 A - 3 scrolls of enchant armour
 F - a scroll of fear
 M - a scroll of immolation {unknown}
 N - a scroll of vulnerability {unknown}
 O - a scroll of identify
 R - a scroll of holy word {unknown}
Potions
 a - 5 potions of ambrosia
 b - a potion of cancellation
 d - 5 potions of heal wounds
 e - 6 potions of brilliance
 f - 5 potions of mutation
 h - 2 potions of flight
 n - 3 potions of stabbing
 r - 6 potions of curing
 s - a potion of resistance
 t - a potion of lignification {unknown}
 D - a potion of might {unknown}
 E - 2 potions of haste
 G - a potion of invisibility {unknown}
 H - a potion of degeneration {unknown}
 L - a potion of magic {unknown}
 Q - 2 potions of berserk rage {unknown}


   Skills:
 + Level 10.0 Fighting
 + Level 8.6 Dodging
 - Level 12.0 Unarmed Combat
 - Level 2.0 Spellcasting
 - Level 11.0 Transmutations
 * Level 5.8 Evocations


You had 5 spell levels left.
You knew the following spells:

 Your Spells              Type           Power        Failure   Level
b - Wereblood             Tmut           ####....     4%          2
c - Spider Form           Tmut/Pois      ###.......   16%         3
d - Blade Hands           Tmut           ####......   16%         5

Your spell library contained the following spells:

 Spells                   Type           Power        Failure   Level
 Beastly Appendage        Tmut           ####..       4%          1
 Foxfire                  Conj/Fire      #...         32%         1
 Magic Dart               Conj           #...         32%         1
 Poisonous Vapours        Pois/Air       #.....       41%         2
 Searing Ray              Conj           #.....       41%         2
 Conjure Flame            Conj/Fire      #.......     58%         3
 Mephitic Cloud           Conj/Pois/Air  #.......     58%         3
 Sticky Flame             Conj/Fire      #.......     87%         4
 Fireball                 Conj/Fire      #.........   99%         5
 Ice Form                 Ice/Tmut       Unusable     N/A         4
 Dazzling Flash           Conj/Hex       Unusable     N/A         3
 Inner Flame              Hex/Fire       Unusable     N/A         3
 Fulminant Prism          Conj/Hex       Unusable     N/A         4
 Iskenderun's Mystic Bla  Conj/Tloc      Unusable     N/A         4
 Freezing Cloud           Conj/Ice/Air   Unusable     N/A         6

Dungeon Overview and Level Annotations

Branches:
Dungeon (11/15)            Temple (1/1) D:5            Lair (4/6) D:11
  Swamp (0/4) Lair:2        Snake (0/4) Lair:3          Orc (0/2) D:10

Altars:
Ashenzari
Cheibriados
Dithmenos
Elyvilon
Fedhas
Gozag
Hepliaklqana
Kikubaaqudgha
Makhleb
Nemelex Xobeh
Okawaru
Qazlal
Ru
Sif Muna
Trog
Uskayaw
Vehumet
Wu Jian
Xom
Yredelemnul
Zin
The Shining One
Beogh

Shops:
D:5 :

Annotations:
D:9 2 runed translucent doors


Innate Abilities, Weirdness & Mutations

You can spit globs of acid.
Your golden yellow scales are hard. (AC +8)
You cannot fit into any form of body armour.
Your magical capacity is low. (-10% MP)
You are cold-blooded and may be slowed by cold attacks.
You cannot drink potions while threatened.
You cannot be stealthy.
You cannot study or cast Hexes magic.
You cannot study or cast Ice magic.
You cannot study or cast Translocations magic.
You are somewhat inexperienced. (-2 XL)
You are resistant to acid. (rCorr)


Message History

You feel sick.
The fungus is engulfed in calcifying dust.
The elephant is engulfed in calcifying dust.
The elephant is moving more slowly.
The catoblepas breathes a plume of calcifying dust at you.
The blast of calcifying dust hits you.
The fungus is engulfed in calcifying dust.
A nearby fungus withers and dies.
You slice the catoblepas!!
You tail-slap the catoblepas, but do no damage.
You slash the catoblepas.
The catoblepas is moderately wounded.
You feel sick. The catoblepas gores you!!
You feel threatened and lose the ability to drink potions!
* * * LOW HITPOINT WARNING * * *
As you read the scroll of teleportation, it crumbles to dust.
You feel strangely unstable.
The death yak is no longer petrified.
The elephant is engulfed in calcifying dust.
The elephant stops moving altogether!
The catoblepas gores you!!
You die...

##.........## #........... .##
#...#.#.#.####### ####
#...##...............## ##..#
.........#...........P# #....
............≈# ...# ##.#.
##......#...## ##...# ###.
#.......#...####†..## ####.
.##.....#..@Y.§†....# #.##P
#......#§§§Y.Y..#...# #..#.
##....##P##.##### ../##....
#....####### (.##.#.. ##....#
#P#.### #.....###############
#.### ###
##..................###.#P#
.##.P##............>.............
.................................


You could see a death yak, a catoblepas and an elephant (petrified).

Vanquished Creatures
  Harold (D:8)
  A hydra (Lair:2)
  3 two-headed ogres
  3 death yaks
  A manticore (D:11)
  5 black mambas
  A torpor snail (Lair:2)
  7 cane toads
  4 komodo dragons
  2 trolls
  2 hornets
  A bog body (Lair:2)
  4 hippogriffs
  Sigmund (D:6)
  2 wraiths
  4 yaks (D:11)
  3 wyverns
  An acid dragon (D:11)
  Edmund (D:5)
  6 water moccasins
  5 black bears
  6 orc warriors
  8 porcupines
  3 sky beasts
  3 ice beasts
  3 phantoms
  5 ogres
  5 centaurs
  15 wolves
  7 crocodiles
  A big kobold (D:8)
  12 bullfrogs
  4 scorpions
  4 wights (D:10)
  4 howler monkeys
  2 centaur zombies
  5 orc wizards
  5 orc priests
  4 bullfrog skeletons
  7 hounds
  4 jellies
  An iguana (D:5)
  10 worker ants
  A hound zombie (D:9)
  A hound skeleton (D:5)
  A worker ant zombie (D:5)
  2 howler monkey zombies
  4 gnolls (D:6)
  A howler monkey skeleton (D:10)
  12 adders
  4 shadow imps
  An ufetubus (D:7)
  An ooze (D:5)
  A worm (D:6)
  2 dart slugs
  4 leopard geckos
  57 orcs
  7 bats
  2 giant cockroaches
  4 goblins
  6 hobgoblins
  8 jackals
  13 kobolds
  3 quokkas
  3 ball pythons (D:1)
  A frilled lizard (D:1)
  A leopard gecko zombie (D:5)
  A quokka skeleton (D:10)
  11 rats
  A spectral orc (D:4)
329 creatures vanquished.

Vanquished Creatures (others)
  A komodo dragon (Lair:2)
  A howler monkey (D:8)
  A bush (Lair:2)
  71 fungi
  59 plants
133 creatures vanquished.

Grand Total: 462 creatures vanquished

Notes
Turn   | Place    | Note
-------+----------+-------------------------------------------
     0 | D:1      | lunkers the Draconian Transmuter began the quest for the
                  | Orb.
     0 | D:1      | Reached XP level 1. HP: 16/16 MP: 3/3
   174 | D:1      | Reached XP level 2. HP: 23/23 MP: 3/5
   203 | D:1      | Learned a level 2 spell: Wereblood
  1063 | D:2      | Reached XP level 3. HP: 28/28 MP: 4/6
  1233 | D:2      | Learned a level 3 spell: Spider Form
  1534 | D:2      | Reached skill level 4 in Unarmed Combat
  1716 | D:2      | Reached XP level 4. HP: 29/35 MP: 7/7
  2071 | D:3      | Noticed a crocodile
  2078 | D:3      | Killed a crocodile
  2078 | D:3      | Reached XP level 5. HP: 21/40 MP: 3/8
  2919 | D:4      | Reached skill level 5 in Unarmed Combat
  3432 | D:4      | Reached XP level 6. HP: 27/47 MP: 5/9
  3813 | D:4      | Found a basalt altar of Yredelemnul.
  3892 | D:5      | Entered Level 5 of the Dungeon
  3927 | D:5      | Found a staircase to the Ecumenical Temple.
  3949 | Temple   | Entered the Ecumenical Temple
  4026 | Temple   | Became a worshipper of Ru the Awakened
  4102 | D:5      | Noticed Edmund
  4117 | D:5      | Killed Edmund
  4117 | D:5      | Reached skill level 5 in Transmutations
  4242 | D:5      | Found Intothrieleh's Book Shop.
  4257 | D:5      | Reached skill level 6 in Unarmed Combat
  4257 | D:5      | Your scales start taking on a golden yellow colour.
  4257 | D:5      | Reached XP level 7. HP: 50/52 MP: 6/10
  4257 | D:5      | Gained mutation: You are resistant to acid. (rCorr) [Yellow
                  | Draconian growth]
  4616 | D:5      | Found a shadowy altar of Dithmenos.
  4763 | D:6      | Reached skill level 7 in Unarmed Combat
  4840 | D:6      | Reached XP level 8. HP: 12/59 MP: 3/11
  5498 | D:6      | Found an opulent altar of Gozag.
  5533 | D:6      | Found a sparkling altar of Nemelex Xobeh.
  5541 | D:6      | Noticed Sigmund
  5551 | D:6      | Killed Sigmund
  5659 | D:6      | Reached skill level 8 in Unarmed Combat
  5870 | D:7      | Gained mutation: You cannot study or cast Ice magic. [Ru
                  | sacrifice]
  5870 | D:7      | Gained mutation: You cannot study or cast Hexes magic. [Ru
                  | sacrifice]
  5870 | D:7      | Gained mutation: You cannot study or cast Translocations
                  | magic. [Ru sacrifice]
  5870 | D:7      | Reached * piety under Ru
  5877 | D:7      | Learned a level 5 spell: Blade Hands
  6270 | D:7      | Reached XP level 9. HP: 50/64 MP: 9/12
  6307 | D:7      | Reached skill level 9 in Unarmed Combat
  7269 | D:8      | Paralysed by a hornet for 2 turns
  7610 | D:8      | Reached skill level 10 in Unarmed Combat
  7850 | D:8      | Noticed Harold
  7867 | D:8      | Killed Harold
  7867 | D:8      | Reached skill level 10 in Transmutations
  7867 | D:8      | Reached XP level 10. HP: 22/71 MP: 10/13
  8558 | D:8      | Identified a scroll of acquirement
  8558 | D:8      | Acquired the +3 warlock's mirror {reflect}
  8559 | D:8      | Found the +3 warlock's mirror {reflect}
  8726 | D:9      | You fall into a shaft and drop 2 floors!
  8772 | D:10     | Entered Level 10 of the Dungeon
  8946 | D:10     | Noticed a two-headed ogre
  8959 | D:10     | Killed a two-headed ogre
  9325 | D:10     | Reached skill level 11 in Unarmed Combat
  9332 | D:10     | Gained mutation: You cannot be stealthy. [Ru sacrifice]
  9332 | D:10     | Reached ** piety under Ru
  9435 | D:9      | Found a runed translucent door.
  9436 | D:9      | Noticed a fire dragon
  9439 | D:9      | Noticed a fire dragon
  9439 | D:9      | Noticed an ice dragon
  9440 | D:9      | Found the +2 shield of Resistance {rF++ rC++ MR++}
  9440 | D:9      | Noticed an ice dragon
  9445 | D:9      | Found a runed translucent door.
 10080 | D:9      | Noticed a two-headed ogre
 10086 | D:9      | Killed a two-headed ogre
 11724 | D:10     | Reached XP level 11. HP: 85/85 MP: 8/14
 11725 | D:10     | Reached skill level 5 in Fighting
 11767 | D:10     | Found a roughly hewn altar of Beogh.
 11767 | D:10     | Found a staircase to the Orcish Mines.
 12194 | D:10     | Gained mutation: You are somewhat inexperienced. (-2 XL)
                  | [Ru sacrifice]
 12194 | D:10     | Reached XP level 10. HP: 81/81 MP: 13/13
 12194 | D:10     | Reached XP level 9. HP: 74/74 MP: 12/12
 12194 | D:10     | Reached *** piety under Ru
 12194 | D:10     | Reached **** piety under Ru
 12674 | D:11     | Noticed a two-headed ogre
 12688 | D:11     | Killed a two-headed ogre
 12688 | D:11     | Reached skill level 5 in Dodging
 13336 | D:11     | Found a staircase to the Lair.
 13342 | D:11     | Noticed a manticore
 13344 | D:11     | Reached XP level 10. HP: 69/83 MP: 7/13
 13364 | D:11     | Reached skill level 12 in Unarmed Combat
 13374 | D:11     | Killed a manticore
 14461 | Lair:1   | Entered Level 1 of the Lair of Beasts
 14502 | Lair:1   | Noticed a cane toad
 14507 | Lair:1   | Killed a cane toad
 14693 | Lair:1   | Noticed a black mamba
 14701 | Lair:1   | Killed a black mamba
 15125 | Lair:1   | Noticed a cane toad
 15125 | Lair:1   | Noticed a cane toad
 15129 | Lair:1   | Killed a cane toad
 15133 | Lair:1   | Killed a cane toad
 15328 | Lair:2   | Noticed a black mamba
 15334 | Lair:2   | Killed a black mamba
 15334 | Lair:2   | Reached XP level 11. HP: 62/95 MP: 4/14
 15887 | Lair:2   | Gained mutation: Your magical capacity is low. (-10% MP)
                  | [Ru sacrifice]
 16044 | Lair:2   | Noticed an eight-headed hydra
 16203 | Lair:2   | Killed an eight-headed hydra
 16203 | Lair:2   | Reached skill level 1 in Evocations
 16510 | Lair:2   | Found a staircase to the Swamp.
 16812 | Lair:3   | Noticed a death yak
 16812 | Lair:3   | Noticed a death yak
 17280 | Lair:1   | Killed a death yak
 17287 | Lair:2   | Killed a death yak
 17529 | Lair:3   | Found a staircase to the Snake Pit.
 18605 | Lair:4   | Noticed a death yak
 18605 | Lair:4   | Noticed a death yak
 18605 | Lair:4   | Noticed a death yak
 18606 | Lair:4   | Noticed a death yak
 18607 | Lair:4   | Noticed a death yak
 18615 | Lair:3   | Reached skill level 5 in Evocations
 18619 | Lair:3   | Killed a death yak
 18774 | Lair:4   | Gained mutation: You cannot drink potions while threatened.
                  | [Ru sacrifice]
 18774 | Lair:4   | Reached ***** piety under Ru
 18884 | Lair:4   | Noticed a catoblepas
 18885 | Lair:4   | Reached XP level 12. HP: 93/106 MP: 7/13
 18888 | Lair:4   | Noticed a death yak
 18892 | Lair:4   | Reached skill level 10 in Fighting
 18901 | Lair:4   | Slain by a catoblepas

Illustrated notes

Levels and vault maps discovered:
D:1:      dpeg_arrival_renting, layout_basic, minmay_unequal
D:2:      layout_rooms
D:3:      layout_loops_ring
D:4:      layout_loops_ring, yredelemnul_forgotten_temple_becter,
          kennysheep_generic_room_2
D:5:      layout_rooms, kennysheep_mini_moat, minmay_temple_entry_steel_oval,
          kennysheep_windowed_goal, uniq_edmund
D:6:      layout_loops_ring, nemelex_xobeh_ov_fountains_minmay,
          nicolae_gozag_seed_capital, grunt_decor_cap, kennysheep_nondescript,
          lightli_minifort, uniq_sigmund
D:7:      layout_basic
D:8:      layout_basic, uniq_harold
D:9:      layout_grid_maze, minmay_guarded_unrand_resistance
D:10:     layout_roguey, david_orc_5
D:11:     layout_basic, due_lair_maze_entry_diamond
Temple:   compressed_dpeg_circular_temple
Lair:1:   layout_roguey
Lair:2:   layout_misc_corridors, skrybe_swamp_entry_bodies, grunt_megastairs_1,
          lemuel_fruit_tree
Lair:3:   layout_regular_city, dummy_snake_entry
Lair:4:   layout_regular_city, hangedman_lair_generics_rect, uniq_nergalle,
          uniq_josephine

Skill      XL: |  1  2  3  4  5  6  7  8  9 10 11 12 |
---------------+-------------------------------------+-----
Transmutations | 3 4 5 6 8 10 11 | 11.0
Unarmed Combat | 4 5 6 7 8 10 12 | 12.0
Dodging        | 5 7 8 |  8.6
Fighting       | 6 8 9 10 | 10.0
Evocations     | 5 |  5.8
Spellcasting   | |  2.0

Action                   |  1- 3 |  4- 6 |  7- 9 | 10-12 || total
-------------------------+-------+-------+-------+-------++-------
Melee: Unarmed           |   129 |   134 |   305 |   432 ||  1000
       Kick              |    16 |     2 |       |       ||    18
       Headbutt          |     9 |       |       |       ||     9
       Tailslap          |     5 |     4 |     8 |    53 ||    70
       Punch             |     2 |     2 |     5 |    12 ||    21
 Cast: Beastly Appendage |    33 |     4 |       |       ||    37
       Spider Form       |       |    13 |    46 |     6 ||    65
       Blade Hands       |       |       |    10 |    69 ||    79
Invok: Sacrifice Arcana  |       |       |     1 |       ||     1
       Sacrifice Experie |       |       |     1 |       ||     1
       Sacrifice Stealth |       |       |       |     1 ||     1
       Power Leap        |       |       |       |     2 ||     2
       Sacrifice Drink   |       |       |       |     1 ||     1
       Sacrifice Essence |       |       |       |     1 ||     1
Evoke: Wand              |       |       |       |     1 ||     1
  Use: Scroll            |       |     5 |     7 |    12 ||    24
       Potion            |       |       |       |     1 ||     1
 Stab: Sleeping          |       |     1 |     2 |       ||     3
       Invisible         |       |       |     2 |     4 ||     6
       Distracted        |       |       |     1 |     1 ||     2
       Paralysed         |       |       |       |     6 ||     6
       Petrifying        |       |       |       |     1 ||     1
Armor: Skin              |    53 |    13 |    15 |    62 ||   143
Dodge: Dodged            |   103 |    71 |   185 |   288 ||   647
Block: Buckler           |       |       |    19 |    73 ||    92
       Other             |       |       |    10 |    65 ||    75
       Reflection        |       |       |     4 |     5 ||     9

Table legend: (Time is in decaauts)
 A = Elapsed time spent in this place.
 B = Non-inter-level travel time spent in this place.
 C = Inter-level travel time spent in this place.
 D = Time resting spent in this place.
 E = Time spent auto-exploring this place.
 F = Levels seen in this place.
 G = Mean time per level.
                   A        B        C        D        E       F      G
               +--------+--------+--------+--------+--------+-----+--------+
         Total |  18761 |  18317 |    444 |    634 |  15158 |  16 | 1172.6 |
       Dungeon |  14258 |  13857 |    401 |    149 |  11811 |  11 | 1296.2 |
        Temple |     91 |     81 |     10 |      0 |     75 |   1 |   91.0 |
          Lair |   4411 |   4378 |     33 |    485 |   3272 |   4 | 1102.8 |
               +--------+--------+--------+--------+--------+-----+--------+

Top non-repeatable levels by time:
    D:11: 2175 daAuts
     D:9: 1934 daAuts
     D:8: 1849 daAuts
  Lair:2: 1717 daAuts
    D:10: 1600 daAuts
  Lair:3: 1357 daAuts
     D:4: 1235 daAuts
  Lair:1: 1178 daAuts
     D:6: 1115 daAuts
     D:1: 990 daAuts
     D:7: 990 daAuts
     D:2: 849 daAuts
     D:3: 799 daAuts
     D:5: 717 daAuts
  Lair:4: 157 daAuts
